[Event "Tata Steel-A 80th"]
[Site "Wijk aan Zee"]
[Date "2018.01.23"]
[Round "9"]
[White "Anand, Viswanathan"]
[Black "Carlsen, Magnus"]
[Result "1/2-1/2"]
[ECO "C95"]
[WhiteElo "2767"]
[BlackElo "2834"]
[Annotator "Fernandez,Daniel Howard"]
[PlyCount "63"]
[EventDate "2018.01.13"]
[EventType "tourn"]
[EventRounds "13"]
[EventCountry "NED"]
[EventCategory "20"]
[SourceTitle "CBM 183"]
[Source "ChessBase"]
[SourceDate "2018.03.14"]
[SourceVersion "1"]
[SourceVersionDate "2018.03.14"]
[SourceQuality "1"]
[TimeControl "40/6000+30:20/3000+30:900+30"]

1. e4 e5 2. Nf3 Nc6 3. Bb5 a6 4. Ba4 Nf6 5. O-O Be7 6. Re1 b5 7. Bb3 d6 8. c3 O-O 9. h3 Nb8 {[%emt 0:00:08] The famously solid Breyer variation! Similar in character to some games of mine that began with the move 1.d4 b5, Black's play in this line is extremely formulaic and rarely deviates from well-established and easily understood plans. A good sign of mastery is to be able to combine elements from different plans as the game dictates.} 10. d4 (10. d3 $5 {is another move, recently used against Mamedyarov by the young Spanish GM David Anton. The logic is that Black has spent time on ...b8 that he probably wouldn't have done against an earlier d3-system. For instance:} Nbd7 11. Nbd2 Bb7 12. Nf1 Re8 13. Ng3 $132 {and White can contemplate playing with h2-g4 in place of the standard d4, c2 stuff.}) 10... Nbd7 11. Nbd2 Bb7 (11... c5 {The reason this move order is not played, is that Black would like White to have to play a4 before Black goes c4.} 12. Nf1 Re8 13. Ng3 Bf8 14. Ng5 {The point. Now there is no real choice other than c4, and then Black has to go for tricks.} c4 15. Bc2 exd4 $5 (15... h6 16. Nf3 Bb7 17. d5 g6 18. Be3 {is exactly what Black doesn't want: counterplay is slow to arrive because White doesn't have a4 yet, and White may continue with h2-g4 or d2, etc.}) 16. cxd4 Bb7 17. Bd2 g6 $132 {Black's play now is aimed at making the knight on g5 feel silly. Nevertheless, he doesn't have quite enough pressure on e4 and the feeling is that White must be better somehow, perhaps with a4 under the now-different circumstances.}) 12. Bc2 Re8 13. Nf1 Bf8 14. Ng3 g6 15. a4 (15. Nh2 {is an interesting creative move:} exd4 16. cxd4 c5 17. d5 $11 {In this kind of position it's hard to know how much weight to give to the opinion of the machine, but Black should not be worse if he follows normal plans (...g7, ...c4, ...c5, possibly ...h5.) See Motycakova,M-Nemcova,K Frydek Mistek 2009.}) (15. b3 $5 {A conceptually challenging line. White wants to get d5 without a4, and not have it punished by ...c6 and detonation of the centre. Black must react carefully, and I am not sure quite how to equalise here, though there is a very interesting piece sacrifice which gives excellent compensation.} Bg7 (15... c5 16. d5 $14) (15... d5 16. Bg5 h6 17. Bh4 $14 {seems to have been pioneered by Mamedyarov and analysed down to a draw, but cloud engines disagree! The consensus will probably change soon...}) 16. d5 Rc8 17. c4 {This was White's point.} c6 18. Be3 (18. dxc6 Rxc6 19. cxb5 axb5 20. Bd3 b4 $11 {Berg,E-Butnorius,A Gibraltar 2008}) 18... Nb6 $1 {Now for concrete reasons this is best.} (18... Qa5 {is suggested by the engine, but following} 19. a3 bxc4 20. bxc4 Nc5 21. Qd2 Qxd2 22. Nxd2 Nfd7 23. Rab1 $14 {the queens have come off and Black is quite passive}) 19. Qe2 $1 {Other moves have been tried, but this is the most convincing for White.} cxd5 20. cxd5 Nbxd5 {If not for this move White would be trivially better.} 21. exd5 Nxd5 22. Rac1 $1 {The only way to take back on e3 with a piece.} (22. Qd2 Nxe3 23. fxe3 e4 24. Nd4 Bxd4 25. exd4 e3 26. Qe2 Qh4 27. Kh2 Qxd4 {is not what White was looking for from the opening}) 22... Nxe3 (22... Nc3 23. Qd2 $14) 23. Qxe3 d5 $44 {Black has good compensation based on the big centre.}) 15... Nb6 $5 {[%emt 0:00:51] Not a move I had seen before, but perhaps it will be seen more in light of the present game.} (15... c5 {This is the main line. White is only given liberty to close the centre after he has played a4. Here I have some quite detailed analysis but suffice it to say in summary that Black faces some slight problems according to the present theory, largely depending on how fast he allows tripling on the a-file.} 16. d5 c4 17. Bg5 $1 {White is trying to cross or delay Black's usual knight redeployment of c5, fd7.} Bg7 $1 (17... h6 $6 {is less strong, and a simple plan for White can be formulated, involving... tripling on the a-file. Far from gaining a tempo, ...h6 in fact loses one. I will give some sample lines.} 18. Be3 Nc5 19. Qd2 h5 20. Ra3 Qc7 (20... Nfd7 21. Rea1 Nb6 {Else just 1a2, c1-a1, etc.} 22. a5 Nba4 {Interesting idea, but probably bad.} 23. Rb1 $1 Bg7 24. Nf1 $14 {The idea is just d1, 1d2, xc4 and there is not a lot Black can do about it.}) 21. Rea1 Rab8 22. Qd1 Bc8 23. axb5 axb5 24. Ra5 Rb7 25. R1a2 Bd7 26. Bg5 Nh7 27. Bd2 Nf6 28. Ng5 Reb8 29. Nf1 {White has gained a marginally more pleasant position and will be able to triple on the a-file if desired, however if Black plays completely precisely the advantage will grow, and as we all know, with almost nothing on the board 0.3 is a draw!}) 18. Qd2 Nc5 19. Ra3 (19. Nh2 Qc7 20. Ng4 Nxg4 21. hxg4 Bc8 22. f3 Bd7 $11) 19... Qc7 20. Rea1 Reb8 21. Qc1 Nfd7 {Black is just about in time, for instance:} 22. R1a2 Nd3 $132) (15... Bg7 $5 {is an interesting attempt to dodge the main line - Black is fine to play with ...c6 in place of ...c5, and keep the position compact and solid in a Philidor-like way.} 16. Bd3 {Otherwise Black gets ...c5, free of the problems outlined above.} c6 17. Be3 (17. Bg5 {encourages Black's concept:} Nf8 18. Qd2 Ne6 19. Be3 Nd7 $11 {Black is fine as in Hou,Y-Sasikiran,K New Delhi 2011.}) 17... Qc7 $132 {Black is playing for ...d5 and whether White has an edge depends heavily on whether he can sufficiently discourage this move in the coming phase. One motif to pay attention to is the dark-square complex. Anand has been on the White side of this: Anand,V-Baramidze,D Baden-Baden 2015}) 16. axb5 (16. a5 Nbd7 17. b4 $5 {Caruana,F-Roiz,M Bilbao 2014 , An audacious concept . White is trying to play d5, lock down the centre as well as the queenside and only subsequently (and extremely slowly) make progress with the kingside attack. The idea could, however, have come slightly unstuck against the principled} exd4 18. cxd4 c5 19. bxc5 dxc5 20. d5 c4 $132) (16. b3 $5 {is possibly more ambitious than the text - White wants d3, c4, d5.} bxa4 {may be the best way to counter this:} 17. bxa4 a5 18. Bd3 Qc8 $132 {Adams,M-Tan,J Bournemouth 2016, Black has reasonable play according to current knowledge, but Black's position looks slightly looser than usual, so there may be an incisive way for White to get an edge.}) 16... axb5 17. Bg5 Bg7 18. Bd3 Rxa1 19. Qxa1 c6 20. Be3 (20. Qc1 {followed by h6 is the engine idea, but Black is solid in any case.}) 20... Qc7 21. dxe5 dxe5 22. Qc1 Bc8 23. Qc2 {[%emt 0:01:39] The last two moves do not create a great impression, but White has a very wide margin of error in such positions.} Nfd7 24. c4 {[%emt 0:05:31] This move looks like White has reconciled himself to offering a draw soon.} Nxc4 25. Bxc4 bxc4 26. Qxc4 Nf8 27. Rc1 Bb7 (27... Rd8 $5 {is a nice wrinkle: after} 28. Qxc6 Rd1+ 29. Kh2 Rxc1 30. Qxc1 Qxc1 31. Bxc1 Ne6 $36 {Black has full compensation for the pawn despite the reduced material and his bishop pair means his game is more pleasant.}) 28. Nf1 Ne6 29. N1d2 Qa5 $146 ({RR} 29... Bf8) 30. Ng5 Nxg5 31. Bxg5 Bf8 32. Be3 {[%emt 0:05:44] With a draw offer which was accepted.} (32. Nb3 Qb5 33. Qc3 {was maybe worth considering, as on strategic purity White is still marginally ahead. Definitely below super-GM level there is a strong chance that White will consolidate a dark-square bind, e.g. e3-c5, d2, b4, f3, h2.}) 1/2-1/2

[Event "Tata Steel-A 80th"]
[Site "Wijk aan Zee"]
[Date "2018.01.27"]
[Round "12"]
[White "Carlsen, Magnus"]
[Black "Matlakov, Maxim"]
[Result "1-0"]
[ECO "B48"]
[WhiteElo "2834"]
[BlackElo "2718"]
[Annotator "Fernandez,Daniel Howard"]
[PlyCount "113"]
[EventDate "2018.01.13"]
[EventType "tourn"]
[EventRounds "13"]
[EventCountry "NED"]
[EventCategory "20"]
[SourceTitle "CBM 183"]
[Source "ChessBase"]
[SourceDate "2018.03.14"]
[SourceVersion "1"]
[SourceVersionDate "2018.03.14"]
[SourceQuality "1"]
[TimeControl "40/6000+30:20/3000+30:900+30"]

1. e4 c5 2. Nf3 e6 3. d4 cxd4 4. Nxd4 Nc6 5. Nc3 Qc7 {[%emt 0:00:31] Another pull-no-punches opening choice from Matlakov, who in his Black games against the other 2 world champions in this event (yep, quite a tough draw!) chose innovative systems in the Italian and Ruy Lopez involving knights moving to the edge. Maybe this is something of a habit for him, as in this game the c6-knight soon makes its way to a5...} 6. Be3 a6 (6... Nf6 7. f4 Bb4 $5 {is an interesting attempt to make do without ...a6 for at least a few moves:} 8. Ndb5 Qa5 9. e5 Nd5 10. Bd2 Nxc3 11. Bxc3 O-O 12. Qd2 a6 (12... f6 $5 $132) 13. Bxb4 Qxb4 14. Qxb4 Nxb4 15. Nd4 $132 {1/2-1/2 (15) Motylev,A (2656)-Svidler,P (2751) Tallinn 2016}) 7. Qd2 Nf6 8. f4 (8. O-O-O Be7 (8... Bb4 9. f3 {is the absolute main line:} Ne5 (9... Na5 {is also a thing here, but White must be slightly better in the ending after a3}) 10. Nb3 b5 (10... d6 11. Bd4 $16 {was the unfortunate opening outcome (for Black) of one game from the 2016 British Championships}) 11. Qf2 $5 {Main is 11.e1 but this is an interesting new idea.} Be7 $6 12. g4 d6 13. Rg1 Rb8 14. g5 $14 {Dominguez Perez,L-Vachier Lagrave,M Berlin 2015}) 9. f3 h5 10. Nxc6 bxc6 11. Bf4 e5 12. Bg5 a5 13. Bc4 a4 14. a3 d6 15. f4 O-O 16. Rhf1 Bg4 17. Rde1 Rfd8 18. Qe3 Rab8 19. fxe5 dxe5 20. Bxf6 Bxf6 21. h3 Rd4 22. hxg4 Rxc4 23. gxh5 Be7 24. Rf3 Rd4 25. Nd1 Qb6 26. h6 Qd8 27. Rg3 g6 28. Rf1 Rb7 29. Nf2 Bh4 30. Rg4 Bxf2 31. Qxf2 Rbd7 32. Qf3 Kh7 33. Kb1 Qe7 34. Rg3 Qh4 35. Rg4 Qe7 36. Rg3 Qd6 37. Rc1 Rd1 {Grischuk,A (2783)-Cori Tello,J (2641) Tbilisi 2017 ½-½}) 8... Bb4 9. Bd3 Na5 (9... Ne7 $5 {tries to play ...d5 under favourable circumstances, but just ends up looking slow after the same move} 10. a3 $14) 10. a3 Bxc3 11. Qxc3 Qxc3+ 12. bxc3 d5 13. exd5 (13. e5 Ne4 14. Nb3 Nc4 $11 {led to an interesting game with a sidelined White knight:} 15. Bxc4 dxc4 16. Na5 Bd7 17. Bd4 Rc8 18. Nxb7 Bc6 19. Na5 Bd5 $44 {Volokitin,A-Giri,A Germany 2014}) 13... exd5 14. Nb3 Nc4 15. Bd4 Ne4 16. Nc5 Nxc5 17. Bxc5 Bd7 {[%emt 0:00:25] The position is similar in essence to Mamedyarov-Carlsen from yesterday - the only difference being that Carlsen held nearly effortlessly there, but Matlakov is not able to do the same today.} 18. O-O-O O-O-O 19. Bxc4 dxc4 20. Bb6 Rde8 21. Rd4 Re6 {[%emt 0:07:55] Dropping a healthy pawn by force.} (21... Bb5 $5 22. Rhd1 Kb8 {looks a bit passive, but avoids going in for hard-to-calculate forced lines. Black's idea is ...c8-c6.}) 22. Rxc4+ Rc6 (22... Kb8 23. Rd1 $5 Bb5 24. Rb4 Rxb6 25. c4 $14 {is unlikely to be much more pleasant, since Black now ends up with doubled pawns himself.}) 23. Rxc6+ Bxc6 24. Rd1 Bxg2 25. Rg1 Be4 26. Rxg7 Bg6 27. a4 (27. f5 {immediately was also possible, and Black's drawing chances may not be as good as they immediately seem.}) 27... Rf8 $146 ({RR} 27... Re8 28. f5 Bxf5 29. Rxf7 Bg6 30. Rc7+ Kb8 31. Rd7 Kc8 32. Rd4 Be4 33. a5 h5 34. h4 Bc6 35. Kb2 Rg8 36. Rd6 Re8 37. Rh6 Re5 38. Rd6 Rd5 39. Rh6 Kd7 40. c4 Rf5 41. Rh7+ Ke6 42. Kb3 {Srijit,P (2310)-Thilakarathne,G (2397) Delhi 2019 1-0 (85)}) 28. Kb2 Kd7 (28... h5 {could also have been played, since it is not clear, especially given the further course of the game, whether having the king out helps or hinders Black's drawing efforts.}) 29. f5 Bxf5 30. Bc5 Rc8 31. Rxf7+ Ke6 32. Re7+ Kf6 33. Bb4 $14 {[%emt 0:00:53] Now White has a healthy nibble, and he coaxes ...a5.} a5 (33... b5 34. axb5 axb5 35. Rb7 Re8 36. Rxb5 Re2 $14 {was a marginally better version of the same thing.}) 34. Ba3 Rc4 35. Rxb7 Rxa4 36. Ra7 Re4 37. Rxa5 Re2 38. Bd6 Bxc2 39. c4 $16 {[%emt 0:00:55] Eventually Carlsen had to be able to swap one of his doubled pawns for another pawn. The position is now completely thankless - the best Black can hope for is not even a straight draw, but to have to defend rook and bishop against rook!} Ke6 40. Ra6 Bf5+ 41. Kc3 Be4 42. Kd4 Kf5 43. Ra5+ Kg4 44. c5 Bf3 45. Ra7 h6 46. Rh7 Re4+ 47. Kd3 Re6 48. Kc4 Bc6 49. Rc7 Bh1 50. Kb5 h5 (50... Re1 $16 {keeps the game going a bit better.}) 51. Rg7+ Kh4 $6 {[%emt 0:01:02] Walking into all kinds of mating motifs.} (51... Kf5 52. Rg1 Bf3 53. Rf1 {might have been a line Black was afraid of, but he survives by defending with the rook:} Re3 $16) 52. Rg1 Ba8 53. Kb6 Re2 54. Kc7 Bd5 55. Rg3 Bh1 (55... Rxh2 56. Rd3 {is a nice small tactic.}) 56. Rc3 Kg4 57. c6 {[%emt 0:01:07] So White has managed everything he needs to and he will win the bishop without the need for a h-pawn swap. In a game Sowray-Harvey, Bedford 2013, the weaker side continued even after the win of a similar piece, but ultimately even after some inspired resistance was unable to save half a point.} 1-0

[Event "Tata Steel-A 80th"]
[Site "Wijk aan Zee"]
[Date "2018.01.28"]
[Round "13"]
[White "Karjakin, Sergey"]
[Black "Carlsen, Magnus"]
[Result "1/2-1/2"]
[ECO "C88"]
[WhiteElo "2753"]
[BlackElo "2834"]
[Annotator "Fernandez,Daniel Howard"]
[PlyCount "67"]
[EventDate "2018.01.13"]
[EventType "tourn"]
[EventRounds "13"]
[EventCountry "NED"]
[EventCategory "20"]
[SourceTitle "CBM 183"]
[Source "ChessBase"]
[SourceDate "2018.03.14"]
[SourceVersion "1"]
[SourceVersionDate "2018.03.14"]
[SourceQuality "1"]
[TimeControl "40/6000+30:20/3000+30:900+30"]

1. e4 e5 2. Nf3 Nc6 3. Bb5 a6 4. Ba4 Nf6 5. O-O Be7 6. Re1 b5 7. Bb3 O-O 8. a4 {[%emt 0:00:07] No Breyer today.} b4 (8... Bb7 {is more popular, but I have never understood the appeal of developing the bishop to a diagonal that will remain closed, in the case when the Breyeresque ...c5-c4 is still some moves off.} 9. d3 d6 10. Nc3 {is White's point; Black's queenside pawns will not be permitted to advance abreast. The best he might be able to do is} Na5 11. Ba2 b4 12. Ne2 c5 13. Ng3 g6 (13... Bc8 14. c3 Rb8 15. d4 $36 {Duda,J-Najer,E Czech Republic 2017}) 14. h3 {when White appears to have extra tempi in his kingside attack, compared to most systems with an early d3.}) (8... Rb8 {is slightly compliant: after} 9. axb5 axb5 10. c3 d6 11. d4 {Black lacks the usual recourse of ...a5 in the line} exd4 12. cxd4 Bg4 13. Be3 {so might have to make do with} d5 14. e5 Ne4 15. h3 Bh5 16. Nc3 $36 {; furthermore, 13.c3!? might be unexpectedly strong in spite of the doubled f-pawns.}) 9. d4 (9. a5 d6 10. d3 Be6 11. Bxe6 fxe6 12. Nbd2 {led to a nice win for Magnus himself in Carlsen,M-Aronian,L Saint Louis 2017; one wonders where the improvement was?}) (9. d3 d6 10. Nbd2 Na5 11. Ba2 c5 12. c3 Rb8 {is now fine for Black, who has not wasted time on ...b7 unlike in the 8...b7 line.}) 9... d6 10. dxe5 Nxe5 11. Nxe5 (11. Nbd2 Ned7 $5 {was an unusual method of pressuring e4, but a successful one:} 12. Nd4 Bb7 13. c3 bxc3 14. bxc3 Nc5 15. Bc2 Re8 16. f3 Nfd7 17. a5 d5 $11 {Nakamura, H-Svidler,P Saint Louis 2017}) 11... dxe5 12. Qe2 a5 {[%emt 0:00:49] Possibly still affected by his own experience on the White side, Carlsen decides to avoid White's a5-ideas.} (12... Bc5 {is of course fine immediately.}) 13. Nd2 Bc5 14. Nf3 ({RR} 14. h3 Bb7 15. Bc4 Qe7 16. Bd3 Rfd8 17. Nf3 h6 18. Nh4 Bc8 19. Qf3 Rb8 20. Bc4 Rb6 21. b3 Rbd6 22. Bb2 Rd2 23. Re2 Rxe2 24. Qxe2 Ng4 25. Nf5 Bxf5 26. hxg4 Be6 27. Bxe6 Qxe6 28. Rd1 Rd6 {Dominguez Perez,L (2763)-Ding,L (2805) Saint Louis 2019 ½-½}) 14... Qe7 $146 ({RR} 14... Ng4 15. Bg5 Qd6 16. Bh4 Ba6 17. Qd2 Qxd2 {½-½ (17) Talibov,S (2423)-Suleymanli,A (2617) Baku AZE 2025}) 15. Be3 Ba6 16. Bxc5 Qxc5 17. Qe3 Qxe3 18. Rxe3 Rfe8 $11 {[%emt 0:02:35] Initially this position looked to me to be slightly nicer for White, but this isn't really the case. In fact, Black may have more ideas in the position, and in the long term has the better bishop, so it would not surprise me if he was vaguely thinking about winning here.} 19. c3 (19. h3 c5 20. Rd1 c4 21. Ba2 Kf8 $132 {is hard to get enthused about from the White side, especially if we remember Adhiban-Carlsen from round 2.}) 19... Ng4 20. Ng5 {[%emt 0:06:14] Simplifying quickly lest he end up worse.} Nxe3 21. Bxf7+ Kf8 22. Bxe8 Rxe8 23. fxe3 bxc3 24. bxc3 h6 25. Nf3 Bd3 26. Rd1 Bxe4 27. Rd7 {[%emt 0:00:11] Continuing to force pieces off, because if White plays slowly the bishop will be superior.} Re7 28. Rd8+ (28. Rxe7 Kxe7 29. Nxe5 Ke6 30. Nc4 Kd5 31. Nxa5 Bc2 {leads to an odd position where White is a pawn up but only he is taking risks.}) 28... Kf7 29. Nd2 Bc6 30. Nc4 Ke6 31. Nxa5 Bxa4 32. Nb7 Re8 (32... Bd7 {might be a try if Black is desperate to play on.} 33. e4 (33. Nc5+ Kd6 34. Ne4+ Kc6 35. Kf2 Be8 $132) 33... Rf7 34. Nc5+ Kd6 35. Nd3 c5 $132 {Objectively this might be nothing for Black, and so there is no reason to go for it, especially if one has looked at Anish Giri's game and concluded he is unlikely to win.}) 33. Nc5+ Kf6 34. Rxe8 $11 {[%emt 0:01:04] Unlike the previous note, here White gets to play a6 immediately, and thus seal up the whole position.} 1/2-1/2